[Event "*** MasterClass Titled Tuesday Blitz"]
[Site "Chess.com"]
[Date "2017.12.12"]
[Round "4"]
[White "Keaton87"]
[Black "rubhani"]
[Result "1-0"]
[WhiteElo "2516"]
[BlackElo "2348"]
[TimeControl "180+2"]
[EndTime "13:53:40 PST"]
[Termination "Keaton87 won by resignation"]

1. e4 c5 2. Nf3 d6 3. d4 cxd4 4. Nxd4 Nf6 5. Nc3 a6 6. Bg5 Nbd7 7. f4 Qc7 8. Qe2 h6 9. Bxf6 Nxf6 10. e5 dxe5 11.
fxe5 Bg4 12. Qe3 Nd7 13. e6 fxe6 14. Nxe6 Bxe6 15. Qxe6 Qe5+ 16. Qxe5 Nxe5 17. Be2 O-O-O 18. Ne4 g5 19. Rd1 Bg7 20. O-O Rxd1 21. Rxd1 Rd8 22. Rxd8+ Kxd8 23. Kf2 Kc7 24. Ke3 Kc6 25. c3 Kd5 26. b3 Kc6 27. c4 Nf7 28. Bf3 Kb6 29. Ng3 Nd6 30. Ne4 Nf5+ 31. Kd3 Be5 32. b4 Bxh2 33. a4 Bg1 34. c5+ Kc7 35. Nc3 e6 36.
Ke4 Bh2 37. Bg4 Ne7 38. Bxe6 Bf4 39. b5 axb5 40. axb5 Bd2 41. Ne2 Bb4 42. Kd4 Ba3 43. Kc4 Bb2 44. b6+ Kb8 45. Bg4 Be5 46. Bf3 Ng6 47. Nd4 Bxd4 48. Kxd4 Nf4 49. g3 Ne6+ 50.
Kd5 Nd8 51. Ke5 Kc8 52. Bd5 Kd7 53. Kf6 Nc6 54. g4 Na5 55. Kg6 Nc6 56. Bxc6+ Kxc6 57.
Kxh6 Kxc5 58. Kxg5 Kxb6 59. Kf6 Kc5 60. g5 b5 61. g6 1-0

[Event "*** MasterClass Titled Tuesday Blitz"]
[Site "Chess.com"]
[Date "2017.12.12"]
[Round "4"]
[White "ristingho"]
[Black "tango_argentino"]
[Result "1-0"]
[WhiteElo "2342"]
[BlackElo "2501"]
[TimeControl "180+2"]
[EndTime "13:53:42 PST"]
[Termination "ristingho won by checkmate"]

1. d4 Nf6 2. c4 g6 3. Nc3 Bg7 4. Nf3 O-O 5. g3 d6 6. Bg2 Nc6 7. O-O e5 8. dxe5 Nxe5 9. Nxe5 dxe5 10. Qxd8 Rxd8 11. Bg5 Rd4 12. b3 c6 13. Rfd1 Bf5 14. e3 Rdd8 15. h3 h6 16. Bxf6 Bxf6 17. Ne4 Be7 18. Kf1 Be6 19. Ke2 f5 20. Nc3 Bb4 21. Rxd8+ Rxd8 22. Rd1 Rxd1 23. Nxd1 e4 24. f3 exf3+ 25.
Bxf3 Kf7 26. Nf2 Kf6 27. Nd3 Bd6 28. Nf4 Bf7 29. g4 fxg4 30. hxg4 Kg5 31. Nh3+ Kh4 32. Nf2 h5 33. gxh5 gxh5 34. Ne4 Be7 35. Kf2 Kh3 36.
Bg2+ Kg4 37. Bf3+ Kf5 38. Ng3+ Kg5 39. Ne4+ Kg6 40. Ng3 h4 41. Bh5+ Kg7 42. Nf5+ Kf6 43. Bxf7 Kxf7 44. Kf3 Bf6 45. Kg4 Ke6 46. Nxh4 Ke5 47.
Nf5 Ke4 48. Nd6+ Kxe3 49. Nxb7 Kd2 50. Kf5 Bc3 51. Ke6 Bb4 52. Kd7 c5 53. Kc6 Kc3 54. Nxc5 Kb2 55. Kb5 a5 56. Nd3+ Kxa2 57. Nxb4+ Kxb3 58. Nd3 Kc3 59. Nc5 Kd4 60. Na4 Ke5 61. c5 Kd5 62. Kb6 Kc4 63. c6 Kb4 64. c7 Kxa4 65.
c8=Q Kb3 66. Qc1 a4 67. Qa1 a3 68. Ka5 a2 69. Kb5 Ka3 70. Kc4 Ka4 71. Qxa2# 1-0

[Event "*** MasterClass Titled Tuesday Blitz"]
[Site "Chess.com"]
[Date "2017.12.12"]
[Round "4"]
[White "OparinGrigoriy"]
[Black "chessking2151"]
[Result "1-0"]
[WhiteElo "2673"]
[BlackElo "2360"]
[TimeControl "180+2"]
[EndTime "13:53:46 PST"]
[Termination "OparinGrigoriy won by resignation"]

1. e4 e5 2. Nc3 Nc6 3. Bc4 Nf6 4. d3 Be7 5. Nge2 O-O 6. O-O d6 7. f4 exf4 8. Bxf4 Na5 9. Bb3 Nxb3 10. axb3 a6 11. Kh1 Re8 12. Ng3 Bg4 13. Qd2 Qd7 14. Rf2 Nh5 15. Nxh5 Bxh5 16. Raf1 f6 17. Nd5 Bf7 18.
Ne3 Be6 19. Rf3 c6 20. Rg3 Kh8 21. Nc4 Rad8 22. d4 Bf8 23. d5 Bf7 24. Rd3 c5 25. Re3 Bg6 26. Rfe1 Qc7 27. h3 Ra8 28. Qc3 b5 29.
Nd2 Re7 30. Nf3 Rae8 31. Qd3 Qd7 32. Nh4 Kg8 33. Nxg6 hxg6 34. Bg3 g5 35. c4 Rb8 36. Qe2 Ree8 37. Qf2 bxc4 38. bxc4 Rb4 39. b3 Qb7 40. Qf3 a5 41. h4 gxh4 42. Bxh4 a4 43. bxa4 Rxa4 44.
Qg4 Qf7 45. e5 dxe5 46. Rf3 Ra6 47. Ref1 Be7 48. Rh3 Rf8 49. Qf5 g6 50. Qe4 f5 51.
Qxe5 Bxh4 52. Rxh4 Qg7 53. Re1 Qxe5 54. Rxe5 Ra1+ 55.
Kh2 Ra6 56. Re7 Rf7 57. Re8+ Kg7 58. Rc8 Ra5 59. Rc6 Re7 60. Rh3 f4 61. d6 Rd7 62.
Rd3 Kf6 63. Kh3 Ra4 64. Rxc5 Ke6 65. Rc6 g5 66. Kg4 Ra5 67. c5 Rb5 68. Kxg5 1-0

[Event "*** MasterClass Titled Tuesday Blitz"]
[Site "Chess.com"]
[Date "2017.12.12"]
[Round "4"]
[White "BartoszSocko"]
[Black "Winehouse83"]
[Result "0-1"]
[WhiteElo "2525"]
[BlackElo "2438"]
[TimeControl "180+2"]
[EndTime "13:53:58 PST"]
[Termination "Winehouse83 won by resignation"]

1. e4 e5 2. Nf3 Nc6 3. Bc4 Bc5 4. c3 Nf6 5. d4 exd4 6. e5 d5 7. Bb5 Ne4 8. cxd4 Bb6 9. Nc3 O-O 10. Be3 Bg4 11. Rc1 Kh8 12. Bxc6 bxc6 13. h3 Bh5 14. Nxe4 dxe4 15. g4 Bg6 16. Ng1 Qd5 17. Qa4 f6 18. exf6 Rxf6 19. Ne2 Raf8 20. Qc4 Qd7 21. Nc3 Qe7 22. Bg5 e3 23. fxe3 Qd6 24. Bxf6 Qg3+ 25. Kd2 Rxf6 26. Rhf1 Rf2+ 27. Rxf2 Qxf2+ 28. Qe2 Qg3 29. Rf1 h6 30. Qf3 Qh2+ 31. Rf2 Qg1 32. Rf1 Qh2+ 33.
Qe2 Qxh3 34. a3 Kh7 35. Na4 Qg3 36. Nxb6 axb6 37. Qf3 Qh2+ 38. Qf2 Qd6 39. Qf3 Qh2+ 40. Qe2 Qd6 41. Rc1 c5 42. Qf2 cxd4 43. exd4 Qe7 44.
Kc3 Qg5 45. Rg1 c5 46. dxc5 bxc5 47. Rg3 Qe5+ 48. Kd2 Qxb2+ 49. Ke3 Qxa3+ 50. Kf4 Qb4+ 51. Ke5 c4 52. Qd4 Qe7+ 53. Kf4 Bd3 54. Re3 Qc7+ 55. Qe5 Qf7+ 56. Kg3 Qf1 57. Rf3 Qg1+ 58. Kh4 g5+ 59. Kh3 Bf1+ 60. Rxf1 Qxf1+ 61. Kg3 Qf4+ 62. Qxf4 gxf4+ 63. Kxf4 Kg6 64. Ke4 Kg5 65. Kd4 Kxg4 66. Kxc4 h5 67.
Kd3 Kg3 68. Ke2 Kg2 0-1

[Event "*** MasterClass Titled Tuesday Blitz"]
[Site "Chess.com"]
[Date "2017.12.12"]
[Round "4"]
[White "ChessWarrior7197"]
[Black "PulpanJ"]
[Result "0-1"]
[WhiteElo "2620"]
[BlackElo "2469"]
[TimeControl "180+2"]
[EndTime "13:54:19 PST"]
[Termination "PulpanJ won by resignation"]

1. e4 c5 2. Nf3 d6 3. Bb5+ Bd7 4. c4 Nf6 5. Nc3 a6 6. Bxd7+ Nbxd7 7. O-O e6 8. b3 Be7 9. d4 cxd4 10. Nxd4 O-O 11. Be3 Rc8 12. Rc1 Qa5 13. Qd2 Kh8 14. h3 Ne5 15. f4 Nc6 16. Nxc6 Rxc6 17. a4 Rfc8 18. Bd4 h6 19. Qd3 Nd7 20. Qg3 Bf6 21. Bxf6 Nxf6 22. Rcd1 Qb6+ 23. Kh2 Qxb3 24. e5 Nh5 25. Qg4 Qxc3 26.
Qxh5 Rxc4 27. Qxf7 dxe5 28. Rd7 exf4 29. Rc1 Qf6 30.
Qxf6 gxf6 31. Re1 R4c7 32. Rd6 e5 33. Rxf6 Kg7 34. Re6 Rc2 35. Rf1 Re2 36. Rxf4 exf4 37. Rxe2 Kf6 38. Rb2 Rc7 39. Rb6+ Kg5 40. Kg1 f3 41. gxf3 Kf4 42. Kf2 Rc2+ 43. Ke1 Kxf3 44. Rxb7 Rc6 45. Rb4 Kg3 46. h4 h5 47. Kd2 Rg6 48.
a5 Rd6+ 49. Ke3 Rd5 50. Ra4 Rf5 51. Ke2 Rf4 52. Ra3+ Kxh4 53. Re3 Rf5 54. Ra3 Kg4 55. Ra4+ Rf4 56. Ra3 h4 57. Ra1 Rf5 58. Ra4+ Kg3 59. Ra3+ Kg2 60. Ra4 h3 61. Rg4+ Kh2 62. Rg6 Rxa5 63. Kf2 Ra2+ 64. Kf1 a5 65. Rg5 a4 66. Rg4 a3 67. Rg6 Rg2 0-1

[Event "*** MasterClass Titled Tuesday Blitz"]
[Site "Chess.com"]
[Date "2017.12.12"]
[Round "4"]
[White "Kaphrep"]
[Black "Oleksandr_Bortnyk"]
[Result "1-0"]
[WhiteElo "2608"]
[BlackElo "2810"]
[TimeControl "180+2"]
[EndTime "13:54:36 PST"]
[Termination "Kaphrep won by resignation"]

1. Nf3 Nf6 2. g3 g6 3. Bg2 Bg7 4. O-O O-O 5. c4 d6 6. d4 Nbd7 7. Qc2 c6 8. Rd1 Qc7 9. Nc3 e5 10. h3 Re8 11. e4 a5 12. b3 b5 13. dxe5 dxe5 14. Be3 b4 15. Na4 c5 16. a3 Bb7 17.
Nd2 Bf8 18. Nb2 Nb8 19. axb4 axb4 20. Rxa8 Bxa8 21. Nd3 Nfd7 22. Qb2 Nc6 23. f4 exf4 24. gxf4 Nd4 25. Bxd4 cxd4 26. e5 Nc5 27. Nxc5 Bxc5 28. Bxa8 d3+ 29. Kh2 Rxa8 30. Ne4 Be3 31. Nf6+ Kf8 32.
Nd5 Qa7 33. Rxd3 Bc5 34. Nf6 Kg7 35. Ne4 Be3 36. e6+ Kh6 37. Qf6 Qa2+ 38. Kg3 Qe2 39. Qg5+ Kg7 40. Qe5+ Kh6 41. Qg5+ Kg7 42. Qf6+ Kh6 43.
exf7 Rf8 44. Rd8 Ba7 45. Qg5+ Kg7 46. Qe5+ Kh6 47. Qg5+ Kg7 48. Rxf8 Qe1+ 49. Kf3 Qf1+ 50. Kg3 Qg1+ 51. Kh4 Qe1+ 52. Ng3 Kxf8 53. Qd8+ Kxf7 54.
Qd7+ Qe7+ 55. Qxe7+ Kxe7 56. Ne4 Be3 57. Kg4 Ke6 58.
Ng5+ Kd6 59. Kf3 Bc1 60. Nxh7 Kc5 61. Ke4 Bd2 62. Nf8 g5 63. fxg5 Kd6 64. h4 Ke7 65. Ng6+ Kf7 66. Nf4 Be1 67. h5 Bh4 68. Kf5 Bf2 69. g6+ Kg7 70. Kg5 Be3 71. h6+ Kg8 72. Kf5 Kh8 73. Ne6 Bxh6 74. Kf6 Bd2 75. Kf7 Bc3 76. c5 Bg7 77. c6 Be5 78. Ng5 Bg7 79. c7 Bf8 80. g7+ Bxg7 81. c8=Q+ 1-0

[Event "*** MasterClass Titled Tuesday Blitz"]
[Site "Chess.com"]
[Date "2017.12.12"]
[Round "4"]
[White "marreta84"]
[Black "TijanaBlagojevic"]
[Result "1/2-1/2"]
[WhiteElo "2315"]
[BlackElo "2372"]
[TimeControl "180+2"]
[EndTime "13:54:36 PST"]
[Termination "Game drawn - insufficient material"]

1. d4 d5 2. Nf3 Nf6 3. Bf4 c5 4. c3 Nc6 5. e3 cxd4 6. exd4 Bg4 7.
Nbd2 a6 8. Qb3 Na5 9. Qa4+ b5 10. Qc2 e6 11. Ne5 Bf5 12. Bd3 Bxd3 13. Qxd3 Bd6 14. O-O O-O 15. Rfe1 Nc4 16. b3 Nxd2 17. Bxd2 Rc8 18. f3 Qc7 19. Rac1 Nd7 20. f4 Nb6 21. g3 Qb7 22. Re3 Rc7 23. Rce1 Rfc8 24. f5 exf5 25. Qxf5 b4 26. cxb4 Rc2 27. R3e2 Rxa2 28. Qg4 Bxe5 29. dxe5 Qd7 30. Qd4 Rc6 31. Be3 Rxe2 32. Rxe2 Re6 33. Qc3 Qb5 34. Rf2 h6 35. Bc5 Nd7 36. Bd6 Qb6 37.
Qf3 Nxe5 38. Bxe5 Rxe5 39. Qxf7+ Kh7 40. Kg2 Qe3 41. Qf3 Qe4 42. Rd2 Kg6 43. Qxe4+ Rxe4 44. Rxd5 Rxb4 45. Rd6+ Kf5 46. Rxa6 Rxb3 47. Ra2 g5 48. Rc2 Kg6 49. h3 Kf5 50. g4+ Kf4 51. Rf2+ Ke4 52. Re2+ Re3 53. Rf2 Kd3 54. Rf6 Re2+ 55. Kg3 Re3+ 56.
Kg2 Re2+ 57. Kg3 Re3+ 58. Kg2 Re2+ 59. Kg3 Re3+ 60. Kg2 Re2+ 61. Kf1 Rh2 62. Rxh6 Ke3 63. Kg1 Ra2 64. Rf6 Ra1+ 65. Kg2 Ra2+ 66. Kg3 Ra1 67. Re6+ Kd4 68. Kf3 Ra3+ 69. Kg2 Ra2+ 70. Kf1 Rh2 71. Rg6 Rxh3 72. Rxg5 Ke4 73. Kg2 Ra3 74. Rg8 Kf4 75. g5 Kf5 76. g6 Kf6 77. Kf2 Ra7 78. Kf3 Rg7 79. Rxg7 Kxg7 80. Kg4 Kxg6 1/2-1/2

[Event "*** MasterClass Titled Tuesday Blitz"]
[Site "Chess.com"]
[Date "2017.12.12"]
[Round "4"]
[White "TheLancer"]
[Black "KhalilMousavi77"]
[Result "1-0"]
[WhiteElo "2476"]
[BlackElo "2447"]
[TimeControl "180+2"]
[EndTime "13:55:09 PST"]
[Termination "TheLancer won by resignation"]

1. e4 c5 2. Nc3 Nc6 3. f4 g6 4.
Nf3 Bg7 5. Bc4 d6 6. f5 gxf5 7. O-O Nd4 8. d3 Nf6 9. Ng5 O-O 10. exf5 d5 11. Bb3 b5 12. a4 c4 13.
Ba2 b4 14. Ne2 Nxc2 15. Qxc2 b3 16. Bxb3 Qb6+ 17. Kh1 cxb3 18. Qd1 h6 19. Nh3 e5 20. d4 exd4 21. Ng3 Re8 22. Nf4 Ba6 23. Rg1 Re5 24.
Nfh5 Nxh5 25. Nxh5 Be2 26. a5 Qc6 27. Qxb3 Bxh5 28.
g4 d3 29. Qa4 Qxa4 30. Rxa4 Rae8 31. gxh5 Re1 32. Rg4 Rxg1+ 33. Rxg1 Kh7 34. Rd1 Re2 35. Bf4 Rf2 36. Bg3 Rxb2 37. Rxd3 d4 38. Rf3 Bf6 39. Ra3 Rb5 40. a6 Be7 41. Rd3 Bc5 42.
Be5 Rb6 43. Rg3 f6 44. Bf4 Rxa6 45. Rg6 Bf8 46. Bg3 d3 47. Bf4 Rd6 48. Bxd6 d2 49.
Rg1 Bxd6 50. Rd1 Bb4 51. Kg2 a5 52. Kf3 a4 53. Ke2 Kg7 54. Rb1 Bc3 55. Rb7+ Kf8 56. Ra7 Ke8 57. Rxa4 Kd7 58. Ra6 Kc7 59. Ra3 Bb4 60.
Rb3 Bd6 61. Kxd2 Bxh2 62. Ke2 Bf4 63. Kf3 Bg5 64. Ke4 Kd6 65. Rb6+ Kc5 66. Re6 Kc4 67.
Rc6+ Kb5 68. Kd5 Kb4 69. Rc8 Kb5 70. Rb8+ Ka6 71. Ke6 Ka7 72. Rf8 Kb7 73. Rxf6 1-0

[Event "*** MasterClass Titled Tuesday Blitz"]
[Site "Chess.com"]
[Date "2017.12.12"]
[Round "4"]
[White "JoachimBN"]
[Black "Annawel"]
[Result "1/2-1/2"]
[WhiteElo "2582"]
[BlackElo "2745"]
[TimeControl "180+2"]
[EndTime "13:55:18 PST"]
[Termination "Game drawn by repetition"]

1. d4 Nf6 2. c4 d6 3. Nc3 e5 4.
Nf3 Nbd7 5. g3 Be7 6. Bg2 O-O 7. O-O c6 8. e4 a6 9. Re1 b5 10. c5 Qc7 11. cxd6 Bxd6 12. dxe5 Nxe5 13. Nxe5 Bxe5 14.
f4 Rd8 15. Qe2 Bd4+ 16. Be3 Be6 17. Bxd4 Rxd4 18. e5 Nd5 19. Qf2 Qa7 20. Bxd5 Bxd5 21. Rad1 Rxd1 22. Rxd1 Qd7 23. Qb6 Qg4 24. Rd3 h5 25.
Nxd5 cxd5 26. Rxd5 Kh7 27. Rd8 Rxd8 28. Qxd8 Qe2 29.
Qd4 g6 30. a3 a5 31. Qf2 Qd1+ 32. Kg2 a4 33. h3 Kg8 34. Kh2 Qb1 35. Qe2 h4 36. gxh4 Qc1 37. Qf2 Qd1 38. Kg3 Qd3+ 39. Kh2 Qe4 40. Qd2 Qf3 41. Qd8+ Kh7 42. Qf6 Qf2+ 43.
Kh1 Qf1+ 44. Kh2 Qf2+ 45. Kh1 Qf3+ 46. Kh2 Qf2+ 47. Kh1 Qf3+ 48. Kh2 Qd5 49. h5 Qd2+ 50. Kg1 Qc1+ 51. Kg2 Qxb2+ 52. Kg1 Qc1+ 53. Kf2 Qd2+ 54. Kg3 Qe3+ 55. Kg2 Qe2+ 56. Kg3 Qe1+ 57. Kg2 Qd2+ 58.
Kg3 Qe1+ 59. Kg2 Qe4+ 60. Kg3 Qe3+ 61. Kg2 Qd2+ 62. Kg3 Qe1+ 63. Kg2 Qe2+ 64. Kg3 Kg8 65. hxg6 Qd3+ 66. Kf2 fxg6 67. Qe6+ Kh7 68. Qe7+ Kg8 69. Qe8+ Kg7 70. Qe7+ Kh6 71. Qg5+ Kg7 72. Qf6+ Kh7 73. Qe7+ Kh6 74. e6 Qd4+ 75. Kf3 Qd3+ 76. Kf2 Qd4+ 77. Kf3 Qd5+ 78. Kf2 Qd2+ 79. Kf3 Qd3+ 80. Kf2 Qd2+ 81. Kf3 Qd3+ 82. Kf2 Qd2+ 1/2-1/2

[Event "*** MasterClass Titled Tuesday Blitz"]
[Site "Chess.com"]
[Date "2017.12.12"]
[Round "4"]
[White "arna"]
[Black "Veiso"]
[Result "1-0"]
[WhiteElo "2159"]
[BlackElo "2210"]
[TimeControl "180+2"]
[EndTime "13:55:20 PST"]
[Termination "arna won by resignation"]

1. e4 c5 2. Nf3 d6 3. c3 Nf6 4.
Be2 g6 5. O-O Bg7 6. Re1 e5 7.
Bb5+ Bd7 8. Bxd7+ Nbxd7 9. d4 exd4 10. cxd4 O-O 11. Nc3 cxd4 12. Nxd4 Nc5 13. Ndb5 d5 14. exd5 a6 15. Na3 b5 16. Nc2 Qd7 17. Be3 Rac8 18. Nb4 a5 19. Nc6 Nb7 20. Nxb5 Rfe8 21. Nc3 Nd6 22. Bg5 Nfe4 23. Nxe4 Nxe4 24. Bc1 Qf5 25. Re2 h5 26. Be3 h4 27. h3 Rc7 28. Rc1 Rd7 29.
f3 Ng3 30. Re1 Rxd5 31. Qc2 Rd7 32. Qxf5 Nxf5 33. Bf2 Rxe1+ 34. Rxe1 Bxb2 35. Nxa5 Ra7 36. Nc4 Bc3 37. Re2 Nd4 38. Bxd4 Bxd4+ 39. Kh2 Ra4 40. Nd6 Ra6 41. Nc4 Rc6 42. Na5 Rc5 43. Nb3 Be5+ 44. Kg1 Rb5 45. Kf1 Bg3 46. Rc2 Rd5 47. Ke2 Re5+ 48.
Kd3 Re1 49. Kc4 Re8 50. Nc5 Rc8 51. a4 f5 52. Kb5 Rb8+ 53. Kc6 Ra8 54. Kb5 Be1 55.
Re2 Bg3 56. Nb7 Kf7 57. a5 Ra7 58. a6 Bh2 59. Re1 Bg3 60. Rf1 Bf4 61. Re1 Bg3 62.
Re2 Bh2 63. Ra2 g5 64. Kb6 Bg1+ 65. Nc5 Re7 66. a7 Re6+ 67. Kb5 Re5 68. a8=Q Rxc5+ 69. Kb4 Rc7 70. Qd8 Re7 71. Qd5+ Kg7 72. Ra6 Be3 73. Qxf5 Rb7+ 74. Kc4 Rc7+ 75. Kd3 Rf7 76. Qg6+ Kf8 77. Ra8+ Ke7 78. Kxe3 1-0

[Event "*** MasterClass Titled Tuesday Blitz"]
[Site "Chess.com"]
[Date "2017.12.12"]
[Round "4"]
[White "Rsnr"]
[Black "TomsKantans"]
[Result "0-1"]
[WhiteElo "2614"]
[BlackElo "2454"]
[TimeControl "180+2"]
[EndTime "13:55:25 PST"]
[Termination "TomsKantans won by resignation"]

1. d4 Nf6 2. c4 g6 3. g3 Bg7 4.
Bg2 d5 5. cxd5 Nxd5 6. Nf3 O-O 7. O-O Nb6 8. Nc3 Nc6 9. e3 e5 10. d5 Ne7 11. e4 Bg4 12. h3 Bxf3 13. Qxf3 c6 14. Rd1 cxd5 15. Nxd5 Nbxd5 16. exd5 Nf5 17. Qb3 Nd4 18. Qd3 Rc8 19. Be3 Qd6 20. Rac1 a6 21.
h4 f5 22. Bxd4 exd4 23. Rxc8 Rxc8 24. Re1 Qb4 25. Qe2 Rd8 26. Rd1 Bf6 27. a3 Qd6 28.
Re1 Kg7 29. h5 Rc8 30. Qd2 gxh5 31. Re6 Qc5 32. Kh2 Qc1 33. Qb4 b5 34. Qd6 Rf8 35.
Bf3 h4 36. Bh5 hxg3+ 37. Qxg3+ Qg5 38. Qxg5+ Bxg5 39. Rxa6 d3 40. d6 Rd8 41. Rb6 d2 42. Kg2 Bf4 43. Rxb5 Rxd6 44. Rxf5 Rd4 45. Bd1 Kg6 46. Rc5 h6 47. b4 Kf6 48. Kf3 Bg5 49.
Ke2 Re4+ 50. Kd3 Re1 51. Kc2 h5 52. Bxh5 Rc1+ 53. Kb3 d1=Q+ 54. Bxd1 Rxd1 55. a4 Rb1+ 56. Kc4 Bd2 57. Rc6+ Ke5 58. b5 Rb4+ 59. Kd3 Bf4 60. Rc4 Rb2 61. f3 Bg3 62. Rg4 Bf2 63. Kc3 Rb1 64. Kc2 Ra1 65. Kb2 Rf1 66. a5 Bd4+ 67.
Rxd4 Kxd4 68. b6 Rf2+ 69. Kb1 Rxf3 70. Kc2 Rf2+ 71. Kb3 Rf5 72. Kb4 Rf1 73. Kb5 Kd5 74. b7 Rb1+ 75. Ka6 Kc6 76. Ka7 Rxb7+ 77. Ka8 Rh7 78. a6 Kb6 0-1

[Event "*** MasterClass Titled Tuesday Blitz"]
[Site "Chess.com"]
[Date "2017.12.12"]
[Round "4"]
[White "gemarin"]
[Black "1random"]
[Result "1/2-1/2"]
[WhiteElo "1846"]
[BlackElo "2138"]
[TimeControl "180+2"]
[EndTime "13:55:34 PST"]
[Termination "Game drawn by repetition"]

1. d4 Nf6 2. c4 e6 3. Nf3 c5 4.
Nc3 cxd4 5. Nxd4 d5 6. cxd5 Nxd5 7. Bd2 Be7 8. e4 Nb4 9. Bb5+ N4c6 10. Nf3 O-O 11. O-O a6 12. Be2 e5 13. h3 Be6 14.
Be3 Nd7 15. Nd5 Bc5 16. Rc1 Bxe3 17. Nxe3 Nb6 18. b3 Qxd1 19. Rfxd1 Rfd8 20. Rxd8+ Rxd8 21. Bxa6 Nd4 22. Bf1 Nxf3+ 23. gxf3 Ra8 24. Rc7 Ra7 25. Nc4 Nd7 26. Rc8+ Nf8 27. Rb8 f6 28. a4 g6 29.
Bd3 Kg7 30. Bc2 Nd7 31. Rd8 Nc5 32. Rb8 Bxc4 33. bxc4 Nxa4 34. Bxa4 Rxa4 35. Rxb7+ Kh6 36. Rc7 Kg5 37. Kg2 Kf4 38. Rc6 Kg5 39. c5 Rc4 40.
Rc7 h5 41. Kg3 h4+ 42. Kg2 Kf4 43. Rc6 Kg5 44. Rc8 Kf4 45. c6 f5 46. exf5 gxf5 47.
c7 Rc3 48. Rh8 Rxc7 49. Rxh4+ Kg5 50. Rb4 Rc2 51. Kg3 Rc5 52. f4+ exf4+ 53. Rxf4 Rc3+ 54. f3 Rc1 55. h4+ Kg6 56. Rb4 Rc6 57. Kf4 Ra6 58. h5+ Kf6 59. h6 Kg6 60. h7 Kxh7 61. Kxf5 Kg7 62. Rb7+ Kf8 63. f4 Rc6 64. Kg5 Ra6 65. f5 Rc6 66. Rh7 Ra6 67. Rb7 Rc6 68. Rd7 Rb6 69.
Rd5 Kf7 70. Ra5 Rc6 71. Ra7+ Kf8 72. Ra8+ Kf7 73. Ra7+ Kf8 74. Rh7 Rb6 75. Rh6 Rxh6 76. Kxh6 Kf7 77. Kg5 Kg7 78. Kf4 Kf6 79. Ke4 Ke7 80. Ke5 Kf7 81. f6 Kf8 82. Ke6 Ke8 83.
Kf5 Kf7 84. Kg5 Kf8 85. Kh6 Kf7 86. Kg5 Kf8 87. Kg6 Kg8 88. Kf5 Kf7 89. Ke5 Kf8 90.
Kf5 Kf7 91. Ke5 Kf8 92. Ke6 Ke8 93. Kf5 Kf7 94. Kg5 Kf8 95. Kg6 Kg8 96. Kf5 Kf7 1/2-1/2

[Event "*** MasterClass Titled Tuesday Blitz"]
[Site "Chess.com"]
[Date "2017.12.12"]
[Round "4"]
[White "sandromareco"]
[Black "Penguininja"]
[Result "1/2-1/2"]
[WhiteElo "2630"]
[BlackElo "2399"]
[TimeControl "180+2"]
[EndTime "13:55:34 PST"]
[Termination "Game drawn - insufficient material"]

1. d4 d5 2. Nf3 Nf6 3. c4 c6 4.
Nc3 e6 5. Bg5 dxc4 6. a4 Bb4 7.
e3 b5 8. Qc2 Bb7 9. Be2 a6 10.
O-O Nbd7 11. Rfd1 h6 12. Bh4 O-O 13. Ne5 Qc7 14. Bg3 Bd6 15. f4 Qb6 16. b3 cxb3 17. Qxb3 Rfd8 18. Rab1 Rac8 19. Bf2 Qa5 20. Be1 Qb6 21.
Bh4 Be7 22. Bf3 c5 23. axb5 cxd4 24. Na4 Qa7 25. Bxb7 Qxb7 26. Nc6 Re8 27. Nxe7+ Rxe7 28. Rxd4 axb5 29. Qd3 Qc6 30. Qxb5 e5 31. Qxc6 Rxc6 32. Rdb4 exf4 33. exf4 Re2 34. R4b2 Re4 35. Rb4 Re2 36. Bxf6 Nxf6 37. R4b2 Re4 38. Rb4 Re2 39. R4b2 Rxb2 40.
Rxb2 Rc4 41. Rb8+ Kh7 42. Nb2 Rxf4 43. Nd3 Re4 44. Rb7 Kg8 45. Rb8+ Re8 46. Rb7 Ne4 47.
g3 g6 48. Kg2 Kg7 49. Nf4 Nd6 50. Rd7 Nf5 51. Kf2 h5 52. h3 Rc8 53. Rd2 Rc3 54.
g4 hxg4 55. hxg4 Nh6 56. g5 Ng4+ 57. Kg2 Ne3+ 58. Kf2 Ng4+ 59. Kg2 Ne3+ 60. Kf2 Nf5 61. Rd7 Rc6 62. Rb7 Nd4 63. Rd7 Ne6 64. Nxe6+ Rxe6 65. Rd5 Re4 66. Kf3 Ra4 67. Kg3 Rc4 68. Kf3 Kf8 69. Re5 Ra4 70. Kg3 Kg7 71. Kf3 Ra1 72. Kg4 Rf1 73. Ra5 Kf8 74. Re5 Rf2 75. Kg3 Ra2 76.
Kg4 Kg7 77. Kg3 Ra4 78. Kf3 Kf8 79. Kg3 Kg7 80. Kf3 Ra7 81. Kg3 f6 82. gxf6+ Kxf6 83. Re3 Kf5 84. Rf3+ Kg5 85. Rb3 Ra5 86. Rc3 Kh5 87. Rd3 g5 88. Rc3 Re5 89. Rd3 Re4 90.
Rb3 Rg4+ 91. Kh3 Rh4+ 92. Kg3 Rg4+ 93. Kh3 Rd4 94. Kg3 Kg6 95. Ra3 Kf5 96. Ra5+ Kf6 97.
Ra6+ Ke5 98. Ra5+ Kf6 99. Ra6+ Ke5 100. Ra5+ Kf6 101. Ra6+ Kg7 102. Ra7+ Kg6 103. Ra6+ Kh5 104. Ra3 Rh4 105. Rb3 Rh1 106. Ra3 Rg1+ 107. Kh3 g4+ 108. Kh2 Rb1 109. Kg3 Rg1+ 110. Kh2 Rf1 111. Kg3 Rf3+ 112. Rxf3 gxf3 113.
Kxf3 1/2-1/2

[Event "*** MasterClass Titled Tuesday Blitz"]
[Site "Chess.com"]
[Date "2017.12.12"]
[Round "4"]
[White "matiss90"]
[Black "MFBerna"]
[Result "1-0"]
[WhiteElo "2338"]
[BlackElo "2278"]
[TimeControl "180+2"]
[EndTime "13:56:52 PST"]
[Termination "matiss90 won by resignation"]

1. e4 e5 2. Nf3 Nc6 3. Nc3 Nf6 4. a3 Be7 5. d4 d6 6. dxe5 dxe5 7. Qxd8+ Bxd8 8. Bb5 Bd7 9. O-O O-O 10. Bg5 h6 11. Bh4 Re8 12. Rad1 g5 13. Bg3 Bg4 14. Bxc6 bxc6 15.
Rd3 Nd7 16. Rxd7 Bxd7 17. Nxe5 Be6 18. Nxc6 Bf6 19. Nd5 Bxd5 20. exd5 Bxb2 21. Bxc7 Bxa3 22. d6 Bxd6 23. Bxd6 Re6 24. Rd1 Kg7 25. Nd4 Ree8 26. g4 Kg6 27. Nf5 h5 28. h3 hxg4 29. hxg4 Re4 30. f3 Re2 31. c4 a5 32. Ba3 Rh8 33.
Rd6+ f6 34. Rd7 Rh7 35. Ne7+ Kf7 36. Nd5+ Kg6 37. Rxh7 Kxh7 38. Nxf6+ Kg6 39. Ne4 Re3 40. Be7 Rxf3 41. Bxg5 a4 42. Bc1 Rd3 43. Kf2 Rd4 44. Nd2 Rxg4 45. Ke3 Rg1 46. Bb2 Kf5 47. Kd3 Ke6 48. Kc2 Rg3 49. Bc3 Kd7 50. Ne4 Rg2+ 51. Bd2 Kc6 52. Kc3 Rh2 53. Bc1 Rh4 54. Nd2 Rh1 55.
Ba3 Rh3+ 56. Kb4 Rd3 57. Ne4 Rd4 58. Nc3 Rh4 59. Nb5 Rg4 60. Nc3 Rh4 61. Nxa4 Rg4 62. Nc3 Rh4 63. Kb3 Rh3 64. Bb4 Rg3 65. Kc2 Rg4 66. Kd3 Rg3+ 67. Kd4 Rg1 68. Ne4 Rd1+ 69. Bd2 Rh1 70. Kd3 Rh3+ 71. Be3 Rh1 72. Nc3 Rh3 73. Nd5 Rh1 74. Nb4+ Kd7 75. c5 Rd1+ 76. Kc4 Re1 77. Bd4 Rh1 78. c6+ Kd6 79. Bc5+ Kc7 80. Kb5 Rh5 81.
Na6+ Kc8 82. Kb6 Rh1 83. Nc7 Rb1+ 84. Nb5 Rb2 85. Bd4 Rb1 86. Be3 Rb3 87. Bd4 Rb1 88.
Kc5 Rc1+ 89. Kd6 Rc2 90. Na7+ Kb8 91. Nb5 Rc1 92. Kd7 Rc2 93. Be5+ Ka8 94. Bc3 Rc1 95.
c7 Rxc3 96. Nxc3 1-0

[Event "*** MasterClass Titled Tuesday Blitz"]
[Site "Chess.com"]
[Date "2017.12.12"]
[Round "4"]
[White "GMMarcinDziuba"]
[Black "djano"]
[Result "1/2-1/2"]
[WhiteElo "2524"]
[BlackElo "2388"]
[TimeControl "180+2"]
[EndTime "13:56:53 PST"]
[Termination "Game drawn by agreement"]

1. d4 Nf6 2. Nf3 g6 3. c3 Bg7 4.
h3 O-O 5. Bf4 d6 6. e3 b6 7. Be2 Bb7 8. O-O Nbd7 9. Nbd2 e6 10. a4 a5 11. b4 Nd5 12. Qb3 axb4 13. cxb4 Nxf4 14. exf4 Nf6 15. Rfc1 Ne4 16. Nxe4 Bxe4 17. Qe3 Bd5 18. Ra3 Ra7 19. a5 Qa8 20. a6 c6 21. b5 Rc8 22. Rac3 Rac7 23. bxc6 Rxc6 24.
Rxc6 Rxc6 25. Rxc6 Bxc6 26. Ne1 b5 27. Qa3 Bxd4 28.
Qxd6 Bc3 29. Bf3 Qxa6 30. Nc2 Qa2 31. Qxc6 Qxc2 32. Qxb5 Qc1+ 33. Qf1 Qxf4 34. Qd3 Be5 35. g3 Qc1+ 36. Kg2 Qb2 37. h4 h5 38. Qe2 Qa1 39. Qd1 Qc3 40. Qd8+ Kg7 41. Qd1 Bd4 42. Qe2 Qc5 43.
Qd2 e5 44. Qa2 Qc3 45. Bd5 Qc7 46. Qc4 Qd7 47. Qc6 Qf5 48. Bf3 Qd3 49. Qe4 Qd2 50.
Qe2 Qc3 51. Qa2 Qc5 52. Bd5 Qe7 53. Qe2 f5 54. Qa6 e4 55. Qc8 Bc5 56. Qg8+ Kf6 57. Qh8+ Qg7 58. Qc8 Qe7 59. Qh8+ Qg7 60. Qc8 Qe7 61.
Qc6+ Bd6 62. Qc8 Qf8 63. Qe6+ Kg7 64. Bc4 Bc5 65. Qd5 Be7 66. Qe6 Bf6 67. Qd7+ Qe7 68.
Qd5 Qd8 69. Qf7+ Kh6 70. Bd5 Qe7 71. Qg8 Qg7 72. Qe8 Qe7 73. Qg8 Qg7 74. Qe6 Qe7 75. Qc6 Kg7 76. Qa8 Qd8 77. Qb7+ Qe7 78. Qc8 Qd8 79. Qe6 Qf8 80. Kf1 Bd8 81. Bc4 Bf6 82.
Ke2 Bd8 83. Qd7+ Qe7 84. Qd5 Qf8 85. Qe6 Bf6 86. Bb5 Qe7 87. Qd5 Qb4 88. Bc4 Qf8 89. Qc6 Kh6 90. Qd5 Kg7 91. Qe6 Kh6 92. Bd5 Kg7 93. Kf1 Kh6 94. Bc6 Kg7 95. Qd5 Qd8 96. Bd7 Qe7 97. Bb5 Qe5 98. Qd7+ Qe7 99. Qd5 Qe5 100. Qd7+ Qe7 101. Qd5 Qe5 102. Qb7+ Qe7 103. Qc6 e3 104. Qd5 exf2 105. Kxf2 Qa7+ 106. Kg2 Qd4 107. Qxd4 Bxd4 108. Be8 Be5 109. Kh3 f4 1/2-1/2